Unix NetHack Version 3.7.0-97 Work-in-progress - last build Jan 20 2024 17:37:35 (157cf090cb53e479d994ec1a4552202481ff9585,branch:master). Game began 2024-01-26 12:57:39, ended 2024-01-26 13:15:02. mmj, chaotic female elven Wizard ------- #-.`....#### 0#####|.....| ### ---------- #####0 |.....| ###-.........### ------ # --|-.-- |.......>| # |.....#### # # #)#######.........-########## |....| %# ############# |........| # |.....######### # # |........|###########[##### |....| ### # ----------# # -------- ------ ### ### ####### ####|......| ## --.-.-------*######### #|..<...| ###-..........|# #..@....- |....%.....|# |......| |..........|# |......| |..........|# |......| *###|..........|# -------- #------------# ############## Mmj the Conjurer St:8 Dx:14 Co:16 In:20 Wi:10 Ch:8 Chaotic Dlvl:4 $:50 HP:0(37) Pw:44(44) AC:9 Xp:4/100 T:2183 Blind Latest messages: This door is locked. This door is locked. This door is locked. In what direction? . You feel better. This door is locked. This door is locked. This door is locked. This door is locked. This door is locked. This door is locked. In what direction? h Whammm!! In what direction? h As you kick the door, it crashes open! With great effort you move the boulder. You are beginning to feel hungry. You kill the gecko! You kill the kobold! You see here a kobold corpse. In what direction? u The spell hits the yellow mold! You kill the yellow mold! You see here a yellow mold corpse. You find a hidden passage. You see here a crude dagger. You see here a small shield. You see here a small shield. Wizard needs food, badly! What do you want to eat? [vG or ?*] > You don't have that object. What do you want to eat? [vG or ?*] ? Blecch! Rotten food! Everything suddenly goes dark. Wait! There's something there you can't see! You miss it. You miss it. It bites! It bites! You miss it. It bites! It bites! You miss it. It bites! It bites! You kill it! You are splashed! It bites! You die... Do you want your possessions identified? [ynq] (y) q Inventory: Coins $ - 50 gold pieces Weapons w - a +0 orcish dagger (alternate weapon; not wielded) a - a blessed +1 quarterstaff (weapon in hands) Armor b - an uncursed +0 cloak of magic resistance (being worn) Comestibles v - 4 uncursed food rations Scrolls F - a blessed scroll of amnesia p - a cursed scroll of confuse monster j - an uncursed scroll of earth z - an uncursed scroll of enchant armor i - 2 uncursed scrolls of magic mapping H - an uncursed scroll of remove curse q - an uncursed scroll of scare monster Spellbooks l - an uncursed spellbook of cause fear s - an uncursed spellbook of create monster k - a blessed spellbook of force bolt t - an uncursed spellbook of healing Potions h - an uncursed potion of confusion f - an uncursed potion of fruit juice E - an uncursed potion of gain energy g - an uncursed potion of healing Rings C - an uncursed ring of conflict d - an uncursed +1 ring of increase accuracy e - a blessed +1 ring of increase damage Wands J - a wand of probing (0:6) c - a wand of striking (0:6) u - a wand of striking (0:4) Tools A - an empty uncursed sack n - an uncursed tooled horn y - an uncursed blindfold m - a magic marker (0:22) Mmj the Wizard's attributes: Background: You were a Conjurer, a level 4 female elven Wizard. You were chaotic, nominally on a mission for Anhur who was opposed by Ptah (lawful) and Thoth (neutral). You were right-handed. You were in the Dungeons of Doom, on level 4. You entered the dungeon 2183 turns ago. There was a full moon in effect when your adventure ended. You had 100 experience points, 60 more were needed to attain level 5. Basics: You had 0 out of 37 hit points. You had all 44 energy points (spell power). Your armor class was 9. Your wallet contained 50 zorkmids. Autopickup was on for '$' plus thrown. Final Characteristics: Your strength was 8 (limit:18). Your dexterity was 14 (limit:18). Your constitution was 16 (limit:16). Your intelligence was 20 (limit:20). Your wisdom was 10 (limit:20). Your charisma was 8 (limit:18). Final Status: You were temporarily blind. You weren't hungry. You were unencumbered. You were wielding a quarterstaff. You had basic skill with quarterstaff. Final Attributes: You were piously aligned. You were magic-protected. You were sleep resistant. You had infravision. You were warded. You were lucky. You are dead. Miscellaneous: You never encountered a bones level. Total elapsed playing time was 17 minutes and 22 seconds. Major events: Turn 1: mmj the chaotic female elven Wizard entered the dungeon 1433: attained the rank of Conjurer (level 3) 2183: killed by a giant bat Vanquished creatures: a little dog 2 kittens a giant rat a yellow mold a green mold a red mold a gnome zombie a gecko 6 jackals 3 kobolds 2 goblins 3 sewer rats 7 grid bugs 6 lichens a kobold zombie 5 newts 42 creatures vanquished. No species were genocided or became extinct. Voluntary challenges: You were an atheist. You read items or engraved 4 times. You engraved Elbereth 1 time. You never genocided any monsters. You never polymorphed an object. You never changed form. You used no wishes. Achievement: You attained the rank of Conjurer. The Dungeons of Doom: levels 1 to 4 Level 1: Level 2: A fountain. Level 3: Level 4: <- You were here. Final resting place for you, killed by a giant bat. Game over: ---------- / \ / REST \ / IN \ / PEACE \ / \ | mmj | | 50 Au | | killed by a | | giant bat | | | | | | 2024 | *| * * * | * _________)/\\_//(\/(/\)/\//\/|_)_______ Goodbye mmj the Wizard... You died in The Dungeons of Doom on dungeon level 4 with 595 points, and 50 pieces of gold, after 2183 moves. You were level 4 with a maximum of 37 hit points when you died.